 Dungeon Crawl Stone Soup version 0.32-a0-975-g85d4e5bfdb (webtiles) character file.

Game seed: 3609332553001662080

312 ezpacito the Chopper (level 6, -7/47 HPs)
             Began as a Coglin Chaos Knight on Apr 19, 2024.
             Was a Plaything of Xom.
             Killed from afar by Blork the orc (10 damage)
             ... with a puff of frost
             ... on level 5 of the Dungeon.
             The game lasted 00:03:58 (3707 turns).

ezpacito the Chopper (Coglin Chaos Knight)          Turns: 3707, Time: 00:03:59

Health: -7/47      AC:  4    Str: 14    XL:     6   Next: 42%
Magic:  7/7        EV: 10    Int: 12    God:    Xom [......]
Gold:   227        SH:  0    Dex: 13    Spells: 6/7 levels left

rFire   . . .        a - +0 hand axe (chaos) {Kanehira}
rCold   . . .        e - staff of conjuration {Eiko}
rNeg    . . .        y - +4 ring mail
rPois   .            i - +0 helmet
rElec   .            d - +0 cloak
rCorr   .            u - +0 pair of gloves
SInv    .            (no boots)
Will    .....        (amulet unavailable)
Stlth   +            (ring unavailable)
HPRegen 0.27/turn    (ring unavailable)
MPRegen 0.10/turn    (no gizmo)

%: no passive effects
@: corroded, revved
A: off-hand wielding, slow wielding, warmup strikes, no jewellery
a: Invent Gizmo, Renounce Religion


You were on level 5 of the Dungeon.
You worshipped Xom.
You were a very special plaything of Xom.
You visited 1 branch of the dungeon, and saw 5 of its levels.

You collected 227 gold pieces.

Inventory:

Hand Weapons
 a - a +0 hand axe of chaos (weapon) {Kanehira}
 b - a +0 war axe
 z - a +0 arbalest
Missiles
 s - 11 poisoned darts (quivered)
 x - 6 boomerangs
Armour
 d - a +0 cloak (worn)
 i - a +0 helmet (worn)
 u - a +0 pair of gloves (worn)
 y - a +4 ring mail (worn)
Magical Staves
 e - a staff of conjuration (offhand) {Eiko}
Wands
 j - a wand of polymorph (14)
 l - a wand of quicksilver (12)
Scrolls
 c - a scroll of butterflies
 g - a scroll of fear
 h - a scroll of summoning {unknown}
 k - a scroll of amnesia {unknown}
 r - 2 scrolls of silence
 t - 2 scrolls of teleportation
 B - 2 scrolls of blinking
Potions
 f - a potion of brilliance {unknown}
 m - a potion of ambrosia {unknown}
 n - a potion of cancellation {unknown}
 o - 2 potions of mutation {unknown}
 p - 2 potions of heal wounds {unknown}
 q - a potion of curing
 v - a potion of enlightenment {unknown}
 w - a potion of degeneration {unknown}


   Skills:
 * Level 3.5 Fighting
 * Level 3.7(4.0) Axes
 * Level 1.5(2.7) Polearms
 + Level 1.1 Throwing
 * Level 2.6 Armour
 * Level 2.2 Dodging
 + Level 1.4 Stealth
 + Level 1.0 Spellcasting
 + Level 0.8 Conjurations
 + Level 1.0 Earth Magic
 + Level 1.4 Evocations


You had 6 spell levels left.
You knew the following spells:

 Your Spells              Type           Power      Damage    Failure   Level
a - Sandblast             Erth           6%         2d5       36%         1

Your spell library contained the following spells:

 Spells                   Type           Power      Damage    Failure   Level
 Sting                    Conj/Alch      8%         1d3       45%         1
 Apportation              Tloc           0%         N/A       52%         1
 Necrotise                Necr           0%         1d4       52%         1
 Summon Small Mammal      Summ           0%         N/A       52%         1
 Inner Flame              Hex/Fire       0%         N/A       87%         3
 Volatile Blastmotes      Fire/Tloc      0%         2d10      87%         3
 Fulminant Prism          Conj/Alch      1%         3d5       99%         4
 Iskenderun's Mystic Bla Conj/Tloc 2%             2d3        (+2d1     99%         4
 Irradiate                Conj/Alch      1%         3d12      100%        5
 Ignition                 Fire           0%         3d3       100%        8


Dungeon Overview and Level Annotations

Branches:
Dungeon (5/15)
 Temple: D:4-7

Altars:
Nemelex Xobeh
Okawaru
Sif Muna

Shops:
D:2 [

Annotations:
D:5 Blork the orc


Innate Abilities, Weirdness & Mutations

You can wield a second weapon in your off-hand.
It takes a long time for you to wield or remove held weapons.
Your first few attacks do less damage.
You cannot equip rings or amulets.


Message History

Press: ? - help, Shift-Dir - straight line, f/p - Blork the orc
Aim: Blork the orc, wielding a +0 dire flail and wearing a +1 robe of willpower (lightly wounded, 75% to hit)
The bolt of dispelling energy misses Blork the orc.
Blork the orc gestures at you while chanting.
The magic dart hits you.
You take 6 damage, and have 37/47 hp.
Aiming: Quicksilver Bolt
Press: ? - help, Shift-Dir - straight line, f/p - Blork the orc
Aim: Blork the orc, wielding a +0 dire flail and wearing a +1 robe of willpower (lightly wounded, 75% to hit)
The bolt of dispelling energy hits Blork the orc!
Blork the orc is severely wounded.
Blork the orc screams, "Let me show you how many colours things can be!"
Blork the orc points at you and mumbles some strange words.
The puff of flame hits you.
You take 1 damage, and have 36/47 hp.
You hit Blork the orc but do no damage.
Blork the orc is severely wounded.
You barely miss Blork the orc with your +0 hand axe of chaos.
Blork the orc hits you with a +0 dire flail!
You take 6 damage, and have 30/47 hp.
You hit Blork the orc but do no damage.
Blork the orc is severely wounded.
You closely miss Blork the orc with your +0 hand axe of chaos.
Blork the orc closely misses you.
You barely miss Blork the orc with your +0 hand axe of chaos.
Blork the orc is severely wounded.
You hit Blork the orc with your staff of conjuration.
Blork the orc hits you with a +0 dire flail!
A shower of butterflies erupts from you!
You take 14 damage, and have 16/47 hp.
MASSIVE DAMAGE!!
You hit Blork the orc but do no damage.
Blork the orc is severely wounded.
You hit Blork the orc with your +0 hand axe of chaos.
You burn Blork the orc.
Blork the orc hits you with a +0 dire flail!
* * * LOW HITPOINT WARNING * * *
Blork the orc gestures at you while chanting.
The puff of frost hits you!
You die...
Blork the orc shouts, "I believe in me!"

#..........
#..........#
#..........#
##........##.
##...........
#<.........#
#...b......#
###..........#
#..bo@b......#
.......bb.....>#
...)#.#.b......#..
....#.##.........#
... #. ######.#.##
## #. .# # #


You could see Blork the orc (ally target).

Vanquished Creatures
  2 scorpions (D:4)
  An orc priest (D:4)
  An iguana (D:4)
  4 dart slugs
  A ribbon worm (D:4)
  16 orcs
  6 ball pythons
  7 endoplasms
  4 giant cockroaches
  3 goblins
  5 hobgoblins
  7 jackals
  5 kobolds
  3 quokkas
  A bat (D:1)
  5 frilled lizards
  4 rats
75 creatures vanquished.

Vanquished Creatures (others)
  A jelly (D:5)
1 creature vanquished.

Grand Total: 76 creatures vanquished

Notes
Turn   | Place    | Note
-------+----------+-------------------------------------------
     0 | D:1      | ezpacito the Coglin Chaos Knight began the quest for the
                  | Orb.
     0 | D:1      | Reached XP level 1. HP: 18/18 MP: 1/1
   178 | D:1      | Reached skill level 1 in Dodging
   178 | D:1      | Reached XP level 2. HP: 24/24 MP: 2/2
   228 | D:1      | Found a faded altar of an unknown god.
   231 | D:1      | Got Plato's Directory of Talus
   257 | D:1      | Learned a level 1 spell: Sandblast
   568 | D:1      | XOM: cloud trail
   696 | D:2      | Found a shimmering blue altar of Sif Muna.
   709 | D:2      | Reached XP level 3. HP: 24/29 MP: 3/3
   814 | D:2      | Found Ivoantapt's Antique Armour Emporium.
   923 | D:2      | XOM: divination: detect items
  1073 | D:2      | You fall into a shaft and drop 2 floors!
  1080 | D:4      | Noticed a scorpion
  1093 | D:4      | Killed a scorpion
  1094 | D:4      | Reached skill level 1 in Polearms
  1094 | D:4      | Reached skill level 1 in Stealth
  1094 | D:4      | Reached XP level 4. HP: 18/35 MP: 4/4
  1395 | D:3      | XOM: 2-stop teleportation journey
  1633 | D:2      | Reached XP level 5. HP: 41/41 MP: 5/5
  2170 | D:3      | Reached skill level 1 in Evocations
  2366 | D:3      | XOM: swap monsters
  2945 | D:4      | Found an iron altar of Okawaru.
  2947 | D:4      | Found a sparkling altar of Nemelex Xobeh.
  2959 | D:4      | XOM: summons 1 hostile demon
  2970 | D:4      | XOM: 5-stop teleportation journey
  2976 | D:4      | XOM: swap monsters
  2979 | D:4      | XOM: butterfly on damage
  2988 | D:4      | Reached skill level 1 in Throwing
  2988 | D:4      | Reached XP level 6. HP: 22/47 MP: 7/7
  3244 | D:4      | XOM: 2-stop teleportation journey
  3574 | D:4      | Reached skill level 1 in Spellcasting
  3683 | D:5      | Entered Level 5 of the Dungeon
  3684 | D:5      | XOM: swap monsters
  3695 | D:5      | Noticed Blork the orc
  3699 | D:5      | Reached skill level 1 in Earth Magic
  3706 | D:5      | XOM: butterfly on damage
  3707 | D:5      | Killed from afar by Blork the orc

Illustrated notes

Levels and vault maps discovered:
D:1:      sevenhm_arrival_forest_fort_large_2, layout_rooms,
          shapermc_ecumenical_altar_rom_forum, serial_bayou_lagoon_a,
          chequers_serial_rivers_micro_b
D:2:      layout_basic, basic_altar, serial_shops, shop, minmay_misc_feat_chi
D:3:      layout_loops_corners, serial_co_window_serial, co_window_paths_a,
          co_window_paths_a, co_window_cross_1, co_window_paths_b,
          co_window_paths_a, co_window_of_opportunity_c, co_window_2corner,
          co_window_of_opportunity_b, co_window_corner_cb, glass_columns_b,
          chequers_serial_rivers_micro_e
D:4:      layout_loops_cross, chequers_temple_overflow_statue_of_worship
D:5:      layout_rooms, overflow_temple_1_default, uniq_eustachio, uniq_sigmund,
          uniq_blork_the_orc, uniq_edmund

Skill      XL: |  1  2  3  4  5  6 |
---------------+-------------------+-----
Dodging        | 1 2 |  2.2
Armour         | 2 |  2.6
Polearms       | 1 |  1.5
Stealth        | 1 |  1.4
Evocations     | 1 |  1.4
Throwing       | 1 |  1.1
Spellcasting   | 1 |  1.0
Earth Magic    | 1 |  1.0
Fighting       | |  3.5
Axes           | |  3.7
Conjurations   | |  0.8

Action                     |  1- 3 |  4- 6 || total
---------------------------+-------+-------++-------
  Melee: Hand axe          |    70 |   100 ||   170
         Staff             |    62 |    88 ||   150
         Dagger            |     3 |       ||     3
         Unarmed           |       |    30 ||    30
  Evoke: Wand              |       |     3 ||     3
    Use: Scroll            |       |     4 ||     4
         Potion            |       |     1 ||     1
   Stab: Paralysed         |     1 |     2 ||     3
         Distracted        |     3 |       ||     3
         Sleeping          |     2 |     3 ||     5
         Petrifying        |       |     1 ||     1
 Armour: Leather armour    |    51 |    24 ||    75
         Skin              |       |     9 ||     9
         Ring mail         |       |    43 ||    43
  Dodge: Dodged            |    38 |    68 ||   106

Table legend: (Time is in decaauts)
 A = Elapsed time spent in this place.
 B = Non-inter-level travel time spent in this place.
 C = Inter-level travel time spent in this place.
 D = Time resting spent in this place.
 E = Time spent auto-exploring this place.
 F = Levels seen in this place.
 G = Mean time per level.
                   A        B        C        D        E       F      G
               +--------+--------+--------+--------+--------+-----+--------+
         Total |   3757 |   3460 |    297 |      0 |   2859 |   5 |  751.4 |
       Dungeon |   3757 |   3460 |    297 |      0 |   2859 |   5 |  751.4 |
               +--------+--------+--------+--------+--------+-----+--------+

Top non-repeatable levels by time:
     D:3: 1162 daAuts
     D:4: 1035 daAuts
     D:2: 808 daAuts
     D:1: 726 daAuts
     D:5: 24 daAuts
